laravel, chaotic male human Rogue ------ ----- |....| |...| |.`..----...| |...........| |..--->---..| |---------.--- |.d.u@@|.....| |..----|.[...| --.| |..+..| |.-----.....| |...........| |..---------- ---- laravel the Rogue Experience level: 7 Strength: 14 Dexterity: 18 Constitution: 14 Intelligence: 12 Wisdom: 12 Charisma: 10 Health: 0(47) Energy: 24(24) Def: 7 Gold: 230 Moves: 6383 Dungeon seed: jJMYp-TOE0YMfxmL Game ID: laravel_1528732935 Your Inventory: Coins $ - 230 gold pieces Amulets i - a cursed amulet of ESP Weapons b - 7 +0 daggers (in quiver) h - a +0 dagger C - 2 +0 orcish daggers E - 12 +0 darts F - a +0 elven dagger G - a cursed +0 dagger M - a cursed -1 dagger O - a +0 dwarvish short sword (weapon in hand) Armor e - an uncursed +1 leather armor (being worn) N - an uncursed +0 dwarvish iron helm (being worn) Y - an uncursed +0 pair of iron shoes (being worn) Comestibles B - 4 uncursed food rations X - 2 uncursed tripe rations Scrolls a - a blessed scroll of teleportation m - a cursed scroll of enchant armor p - an uncursed scroll of punishment A - an uncursed scroll of destroy armor H - a blessed scroll of enchant weapon P - 2 uncursed scrolls of earth S - a cursed scroll of light V - an uncursed scroll of charging Potions c - 2 uncursed potions of sickness k - an uncursed potion of hallucination s - a potion of holy water x - a cursed potion of extra healing Z - a cursed potion of monster detection Rings T - a cursed -1 ring of increase accuracy U - an uncursed ring of cold resistance Wands I - a wand of digging (0:5) R - a wand of create monster (0:10) W - a wand of sleep (0:4) Tools d - an uncursed lock pick g - an uncursed leather drum D - a can of grease (0:6) J - an uncursed partly used tallow candle (0:72) K - an uncursed wax candle (0:400) L - an uncursed tallow candle (0:200) Gems n - 2 uncursed worthless pieces of black glass q - 2 uncursed worthless pieces of blue glass r - an uncursed worthless piece of yellow glass y - 2 uncursed worthless pieces of orange glass z - 3 uncursed worthless pieces of red glass Q - an uncursed worthless piece of yellowish brown glass Spells and supernatural/magical abilities: Name Level Category Fail Memory F - finger of death 7 attack 100% 99% W - pray for help -- divine ? -- Your skills at the end: Fighting Skills Weapon Skills dagger [Skilled] short sword [Basic] Spellcasting Skills Final Attributes: You were piously aligned. You were telepathic. You were stealthy. You are dead. Vanquished creatures: a human mummy a leprechaun a giant spider a black light an orc mummy a housecat 2 gnome mummies a rock mole 2 fog clouds a yellow light a shrieker 5 gnome lords a red naga hatchling 2 gray oozes 2 elf zombies a ghoul a straw golem a baby crocodile 3 giant ants 4 floating eyes a kitten 3 dwarves a kobold shaman 4 hill orcs 2 rothes a giant bat a monkey a wererat a werejackal 2 iguanas 8 killer bees 3 acid blobs 3 gas spores a hobbit 3 manes a large kobold 5 giant rats 2 cave spiders 3 brown molds a green mold 2 red molds 16 gnomes 13 garter snakes 4 gnome zombies 2 geckos 10 jackals 2 foxes a kobold 3 goblins a sewer rat 8 grid bugs 6 bats 2 lichens 6 newts 156 creatures vanquished. Voluntary challenges: You were an atheist. You used a wielded weapon 87 times, starting on turn 23. You read items or engraved 109 times, starting on turn 2039. You never genocided any monsters. You never polymorphed an object. You never changed form. You used no wishes. You never split a pudding. You wrote Elbereth's name 27 times, starting on turn 2039. You violated your moral code, losing 31 points of alignment, starting on turn 3565. Dungeon overview: The Dungeons of Doom: levels 1 to 8 Level 1 a fountain, a sink a long staircase Level 2 a potion shop Level 3 a fountain stairs to The Gnomish Mines Level 4 Level 5 Level 6 Level 7 many fountains Level 8 stairs to Sokoban The Gnomish Mines: levels 4 to 5 Level 4 stairs to The Dungeons of Doom Level 5 Sokoban: levels 6 to 7 Level 6 Level 7 <- You were here stairs to The Dungeons of Doom History has recorded: On T:1 you entered the Dungeons of Doom to retrieve the Amulet of Yendor! On T:233 you reached level 2 of The Dungeons of Doom. On T:700 you reached level 3 of The Dungeons of Doom. On T:813 you advanced to experience level 2. On T:1045 you reached level 1 of The Gnomish Mines. On T:1052 you advanced to experience level 3. On T:1102 you advanced to experience level 4. On T:1283 you reached level 2 of The Gnomish Mines. On T:1340 you advanced to experience level 5. On T:1817 you reached level 4 of The Dungeons of Doom. On T:2495 you advanced to experience level 6. On T:2712 you reached level 5 of The Dungeons of Doom. On T:3697 you reached level 6 of The Dungeons of Doom. On T:4159 you reached level 7 of The Dungeons of Doom. On T:4292 you advanced to experience level 7. On T:5154 you reached level 8 of The Dungeons of Doom. On T:5270 you reached level 4 of Sokoban. On T:6016 you reached level 3 of Sokoban. Score breakdown: Gold: 230 ( 8040 points) Experience: 7 levels (13645 points) Exploration: 8 levels ( 16.00%) (11338 points) Discoveries: 5 items ( 1.68%) ( 3885 points) Valuables value: (no points given unless you survive) Artifact value: 0 ( 0 points) Variety of kills: 54 monsters ( 14.17%) (11294 points) Turncount: 6383 turns (-1715 points) Survival: died (score multiplied by 80%) Total score: 37189 Latest messages: The Green-elf hits! The pony misses the Green-elf. (2x) You hit the Green-elf. The Green-elf thrusts his runed spear. The Green-elf hits! The pony misses the Green-elf. (3x) The pony bites the Green-elf. The Green-elf thrusts his runed spear at the pony. The Green-elf hits the pony. You hit the Green-elf! The Green-elf thrusts his runed spear. The Green-elf hits! You hit the Green-elf! The Green-elf thrusts his runed spear. The Green-elf hits! The Green-elf thrusts his runed spear. The Green-elf hits! The sleep ray misses the Green-elf. The sleep ray hits the pony. The sleep ray hits the dog. The sleep ray bounces! The Green-elf thrusts his runed spear. The Green-elf hits! You die... Final status: Goodbye laravel the Rogue, killed by a Green-elf... You died in Sokoban on dungeon level 7 with 37189 points, and 230 pieces of gold, after 6383 moves. You were level 7 with a maximum of 47 hit points when you died.